 Dungeon Crawl Stone Soup version 0.30-b1-5-g8e6c1be481 (webtiles) character file.

Game seed: 11729314242305707178

11 Sweeb the Shield-Bearer (level 2, -8/21 HPs)
             Began as an Octopode Fighter on May 4, 2023.
             Mangled by Sigmund
             ... wielding a +1 antimagic scythe
              (11 damage)
             ... on level 2 of the Dungeon.
             The game lasted 00:01:03 (807 turns).

Sweeb the Shield-Bearer (Octopode Fighter)           Turns: 807, Time: 00:01:03

Health: -8/21      AC:  1    Str: 15    XL:     2   Next: 29%
Magic:  0/2        EV: 13    Int: 10    God:
Gold:   34         SH:  4    Dex: 11    Spells: 1/1 levels left

rFire   . .          .
                       - Unarmed
rCold   . . .        a - +0 buckler
rNeg    . . .        (helmet restricted)
rPois   .            (no amulet)
rElec   .            (no ring)
rCorr   .            (no ring)
SInv    .            (no ring)
Will    .....        (no ring)
Stlth   ++           (no ring)
HPRegen 0.23/turn    (no ring)
MPRegen 0.08/turn    (no ring)
                     (no ring)

%: random rage (3%)
@: mighty, attractive
A: almost no armour, amphibious, 8 rings, camouflage 1, gelatinous body 1,
(nimble swimmer 1), tentacles, berserk 1, MP-powered wands
a: no special abilities


You were on level 2 of the Dungeon.
You visited 1 branch of the dungeon, and saw 2 of its levels.

You collected 34 gold pieces.

Inventory:

Armour
 a - a +0 buckler (worn)
Scrolls
 c - a scroll of vulnerability {unknown}
 d - a scroll of teleportation {unknown}
 g - a scroll of enchant weapon {unknown}
 h - 2 scrolls of magic mapping {unknown}


   Skills:
 + Level 3.1 Fighting
 - Level 3.0 Dodging
 * Level 3.2 Shields
 * Level 2.3 Unarmed Combat


You had one spell level left.
You didn't know any spells.
Your spell library contained the following spells:

 Spells                   Type           Power      Damage    Failure   Level
 Passage of Golubria      Tloc           0%         N/A       99%         4
 Silence                  Hex/Air        0%         N/A       100%        5
 Lehudib's Crystal Spear  Conj/Erth      0%         10d2      100%        8


Dungeon Overview and Level Annotations

Branches:
Dungeon (2/15)

Altars:

Annotations:
D:2 Sigmund


Innate Abilities, Weirdness & Mutations

You cannot wear most types of armour.
You are amphibious.
You can wear up to eight rings at the same time.
Your skin changes colour to match your surroundings (Stealth+).
Your rubbery body absorbs attacks. (AC +1, EV +1)
((You are camouflaged when in or above water. (Stealth+)))
You have tentacles for arms and can constrict up to eight enemies at once.
You sometimes lose your temper in combat.
You expend magic power (3 MP) to strengthen your wands.


Message History

Sigmund the Dreaded comes into view.
He is wielding a +1 antimagic scythe.
Sigmund shouts!
The ball python hisses angrily.
You tentacle-slap the ball python.
You kill the ball python!
A quokka comes into view.
The quokka misses you.
Sigmund points at you and mumbles some strange words.
You are confused.
Sigmund gestures at you while chanting. The puff of flame hits you.
You bump into the rock wall.
The quokka bites you. The quokka closely misses you. The quokka misses you.
You are too confused!
It was a potion of mutation.
You feel extremely strange.
You feel a little pissed off.
You feel your magical essence link to the dungeon's wands.
The quokka bites you.
It was a potion of attraction.
You feel attractive to monsters. The quokka bites you.
* * * LOW HITPOINT WARNING * * *
Sigmund casts a spell at you. The magic dart hits you.
* * * LOW HITPOINT WARNING * * *
Sigmund is attracted toward you.
It was a potion of curing.
You feel better. The quokka bites you.
Sigmund drinks a potion.
Sigmund seems to grow stronger.
You feel better. The quokka bites you.
Sigmund hits you with a +1 antimagic scythe!
You feel your power leaking away.
You feel very mighty all of a sudden. The quokka bites you.
* * * LOW HITPOINT WARNING * * *
The quokka bites you.
* * * LOW HITPOINT WARNING * * *
You closely miss Sigmund. Your grab misses Sigmund.
Sigmund hits you with a +1 antimagic scythe!
Ouch! That really hurt!
You die...

.. ##........
...###.....#.## ####
## ..............[
.....##..
.#.###.#.#####
#.......# #.###.#.# #.
#........ #.....#.#
#.......#####.#..##.#
#..........##.#..##.#
#......@@#.#......#...
#......†r..#.........#
#...?...##........##.#
#.......##.....##.# #
#.......###.....#...
#.................###
#......###....#.#.#
#...... ..>....#.#
#...... .#......# #


You could see Sigmund (strong) and a quokka.

Vanquished Creatures
  A goblin (D:1)
  3 hobgoblins (D:1)
  A quokka (D:1)
  2 ball pythons
  A bat (D:1)
  2 frilled lizards (D:1)
  2 kobolds (D:1)
12 creatures vanquished.

Notes
Turn   | Place    | Note
-------+----------+-------------------------------------------
     0 | D:1      | Sweeb the Octopode Fighter began the quest for the Orb.
     0 | D:1      | Reached XP level 1. HP: 16/16 MP: 1/1
   245 | D:1      | Reached XP level 2. HP: 20/21 MP: 2/2
   516 | D:1      | Found a faded altar of an unknown god.
   795 | D:2      | Noticed Sigmund
   802 | D:2      | Gained mutation: You sometimes lose your temper in combat.
                  | [potion of mutation]
   802 | D:2      | Gained mutation: You expend magic power (3 MP) to
                  | strengthen your wands. [potion of mutation]
   803 | D:2      | HP: 1/21 [Sigmund/magic dart (5)]
   807 | D:2      | Mangled by Sigmund

Illustrated notes

Levels and vault maps discovered:
D:1:      dpeg_arrival_chambers_temple_mockup, layout_loops_cross,
          hellmonk_ecumenical_altar_leap_of_faith, kennysheep_decorative_pillar
D:2:      layout_basic, kennysheep_another_room, minmay_rat_hole, uniq_sigmund,
          uniq_jessica

Action                     || total
---------------------------++-------
  Melee: Unarmed           ||    27
         Constrict         ||     7
         Tentacles         ||     5
         Punch             ||     1
    Use: Potion            ||     5
   Stab: Sleeping          ||     1
 Armour: Skin              ||     1
  Dodge: Dodged            ||    10
  Block: Buckler           ||     4
